 Dungeon Crawl Stone Soup version 0.24.0-123-gd5b16e6ec5 (webtiles) character file.

Game seed: 17149653696747212634, levelgen mode: deterministic

551 d1a the Chopper (level 7, -3/60 HPs)
             Began as a Minotaur Monk on Jan 4, 2020.
             Was a Believer of the Shining One.
             Slain by a wight
             ... wielding a +0 falchion
              (4 damage)
             ... on level 6 of the Dungeon.
             The game lasted 00:17:01 (2977 turns).

d1a the Chopper (Minotaur Monk)                     Turns: 2977, Time: 00:17:02

Health: -3/60      AC:  8    Str: 16 (17) XL:     7   Next: 7%
Magic:  6/6        EV: 10    Int:  5 (7)  God:    the Shining One [**....]
Gold:   170        SH:  0    Dex: 11 (13) Spells: 6/6 levels left

rFire    + + .     SeeInvis .   n - +5 scythe (protect)
rCold    + . .     Gourm    .   (shield currently unavailable)
rNeg     + . .     Faith    .   k - +1 scale mail
rPois    +         Spirit   .   (helmet restricted)
rElec    +         Reflect  .   (no cloak)
rCorr    +         Harm     .   g - +0 pair of gloves
MR       .....                  (no boots)
Stlth    ..........             (no amulet)
HPRegen  0.20/turn              m - ring of protection from fire
MPRegen  0.10/turn              (no ring)

@: resistant, glowing, heavily drained
A: retaliatory headbutt, horns 2
a: Divine Shield, Renounce Religion


You were on level 6 of the Dungeon.
You worshipped the Shining One.
The Shining One was pleased with you.
You were hungry.

You visited 1 branch of the dungeon, and saw 5 of its levels.

You collected 170 gold pieces.

Inventory:

Hand Weapons
 a - a +1 hand axe
 n - a +5 scythe of protection (weapon)
 q - a -2 spear
 t - a +0 falchion of flaming
 x - a +0 dagger of venom
 y - a +1 hunting sling of flaming
Armour
 b - a +0 robe
 g - a +0 pair of gloves (worn)
 h - a +0 shield
 j - a +0 large shield
 k - a +1 scale mail (worn)
 p - a +2 robe of magic resistance
Jewellery
 m - a ring of protection from fire (left hand)
Scrolls
 f - 3 scrolls of remove curse
 r - a scroll of enchant armour
Potions
 d - a potion of ambrosia
 e - a potion of invisibility
 o - a potion of mutation {unknown}
 s - a potion of degeneration
 v - a potion of heal wounds {unknown}
Comestibles
 c - 7 rations
 u - 4 chunks of flesh


   Skills:
 + Level 4.7(3.4) Fighting
 + Level 6.6(5.2) Axes
 + Level 0.2(2.8) Polearms
 + Level 3.5(2.3) Armour
 + Level 4.1(2.8) Dodging
 + Level 1.7(0.6) Stealth
 + Level 3.9(2.6) Shields


You had 6 spell levels left.
You didn't know any spells.
Your spell library was empty.

Dungeon Overview and Level Annotations

Branches:
Dungeon (4/15)
 Temple: D:4-7

Altars:
Fedhas
Okawaru
The Shining One

Shops:
D:4 =


Innate Abilities, Weirdness & Mutations

You reflexively headbutt those who attack you in melee.
You have a pair of horns on your head.


Message History

The wight barely misses you. The wight closely misses you.
The wight hits you with a +2 short sword.
* * * LOW HITPOINT WARNING * * *
It was a potion of haste.
You feel yourself speed up. The wight hits you with a +0 falchion!
* * * LOW HITPOINT WARNING * * *
You partially resist.
You feel drained.
* * * LOW HITPOINT WARNING * * *
The wight hits you from afar with a cursed +0 spear.
* * * LOW HITPOINT WARNING * * *
The wight barely misses you.
It was a potion of cancellation.
Your magical effects are unravelling.
You feel magically purged.
You feel yourself slow down.
It was a potion of resistance.
You feel protected. The wight barely misses you. The wight closely misses you.
The wight hits you with a +0 falchion.
You die...

.. ..####
.####.....
..#.....##
###>.......##
#...........#
#......z....+
#.)z...^..#
#z@)....#
##.....##
##...## #+##


You could see 3 wights.

Vanquished Creatures
  Sigmund (D:2)
  A bullfrog (D:4)
  2 wights (D:6)
  2 orc wizards (D:3)
  An orc priest (D:3)
  Terence (D:2)
  A worker ant (D:4)
  5 adders
  An ooze (D:2)
  An adder skeleton (D:4)
  2 worms (D:1)
  3 dart slugs
  6 orcs (D:3)
  7 giant cockroaches
  7 goblins
  2 hobgoblins
  8 jackals
  A ball python (D:2)
  4 bats
  2 frilled lizards (D:3)
  4 kobolds
  5 rats
67 creatures vanquished.

Notes
Turn   | Place    | Note
-------+----------+-------------------------------------------
     0 | D:1      | d1a the Minotaur Monk began the quest for the Orb.
     0 | D:1      | Reached XP level 1. HP: 19/19 MP: 0/0
   181 | D:1      | Reached skill level 4 in Axes
   381 | D:1      | Reached XP level 2. HP: 27/27 MP: 1/1
   945 | D:2      | Reached XP level 3. HP: 29/33 MP: 2/2
   960 | D:2      | Reached skill level 1 in Armour
   985 | D:2      | Found a glowing golden altar of the Shining One.
   994 | D:2      | Became a worshipper of the Shining One
   994 | D:2      | Reached * piety under the Shining One
   994 | D:2      | Reached ** piety under the Shining One
  1111 | D:2      | Reached skill level 1 in Shields
  1219 | D:2      | Noticed Terence
  1228 | D:2      | Killed Terence
  1228 | D:2      | Reached XP level 4. HP: 33/40 MP: 3/3
  1346 | D:2      | Noticed Sigmund
  1471 | D:2      | Killed Sigmund
  1471 | D:2      | Reached skill level 5 in Axes
  1471 | D:2      | Reached XP level 5. HP: 27/47 MP: 4/4
  1762 | D:3      | Reached XP level 6. HP: 53/53 MP: 5/5
  1962 | D:3      | Reached skill level 6 in Axes
  2833 | D:4      | Found Aputs's Jewellery Boutique.
  2891 | D:4      | Found a blossoming altar of Fedhas.
  2899 | D:4      | Found an iron altar of Okawaru.
  2953 | D:4      | You fall into a shaft and drop 2 floors!
  2970 | D:6      | Reached XP level 7. HP: 28/60 MP: 6/6
  2975 | D:6      | HP: 3/60 [wight/+0 falchion (1)]
  2975 | D:6      | HP: 1/60 [wight/cursed +0 spear (2)]
  2977 | D:6      | Slain by a wight

Levels and vault maps discovered:
D:1:      dpeg_arrival_water_temple_mockup, layout_basic, serial_glass,
          glass_columns_a, glass_columns_b, glass_columns_a, glass_columns_b
D:2:      layout_rooms, lemuel_crystal_altar, first_ration, uniq_sigmund,
          uniq_terence
D:3:      layout_loops_ring
D:4:      layout_cave_pools, kennysheep_mini, serial_shops, shop,
          cheibrodos_sewer_entry_bend, okawaru_metal_pillars_1_2
D:6:      layout_loops_corners, temple_hall, hangedman_decor_diamond_cutter,
          tso_altar

Skill      XL: |  1  2  3  4  5  6 |
---------------+-------------------+-----
Axes           | 4 5 6 |  6.6
Fighting       | 4 |  4.7
Armour         | 1 2 3 |  3.5
Shields        | 1 2 3 |  3.9
Dodging        | 4 |  4.1
Polearms       | |  0.2
Stealth        | |  1.7

Action                   |  1- 3 |  4- 6 |  7- 9 || total
-------------------------+-------+-------+-------++-------
Melee: Hand axe          |    83 |   107 |       ||   190
       Headbutt          |    16 |    21 |     1 ||    38
       Scythe            |       |    10 |     4 ||    14
  Use: Scroll            |     5 |     1 |       ||     6
       Potion            |       |     3 |     3 ||     6
  Eat: Chunk             |     1 |     5 |       ||     6
Armor: Scale mail        |    21 |    62 |     9 ||    92
       Robe              |     3 |       |       ||     3
Dodge: Dodged            |    24 |    64 |    15 ||   103
Block: Large shield      |    39 |    87 |       ||   126
